 Dungeon Sprint DCSS version 0.16.2-12-gd0ad4c3 (webtiles) character file.

547 kosy22 the Grappler (level 7, -17/79 HPs)
             Began as a Troll Berserker on Sept 26, 2015.
             Was an Elder of Trog.
             Demolished by a death yak (24 damage)
             ... in the Dungeon (Sprint VII: "The Pits").
             The game lasted 00:02:10 (644 turns).

kosy22 the Grappler (Troll Berserker)                Turns: 644, Time: 00:02:10

Health: -17/79     AC:  5    Str: 28    XL:     7   Next: 7%
Magic:  3/3        EV: 12    Int:  3    God:    Trog [****..]
Gold:   0          SH:  0    Dex:  9    Spells: 0 memorised, 6 levels left

rFire  . . .     SeeInvis .     a - +0 giant spiked club
rCold  . . .     Clarity  .     b - +0 animal skin
rNeg   . . .     SustAb   .     (shield restricted)
rPois  .         Gourm    +     (helmet restricted)
rElec  .         Spirit   .     (no cloak)
rCorr  .         Warding  .     (gloves unavailable)
rMut   .         NoTele   +     (boots unavailable)
MR     .....                    (no amulet)
Stlth  +.........               (no ring)
                                (no ring)

@: exhausted, slowed, very slow, not resistant to hostile enchantments, very
unstealthy
A: unfitting armour, claws 3, fast metabolism 3, gourmand, regeneration 2,
shaggy fur 1, tough skin 2
a: Burn Spellbooks, Berserk, Trog's Hand, Brothers in Arms, Renounce Religion


You were in the Dungeon.
You worshipped Trog.
Trog was greatly pleased with you.
You were not hungry.

You visited 1 branch

Inventory:

Hand weapons
 a - a +0 giant spiked club (weapon)
Armour
 b - a +0 animal skin (worn)
Scrolls
 h - a scroll of blinking
Potions
 e - a potion of haste
 f - 2 potions of magic
 g - a potion of berserk rage


   Skills:
 + Level 7.8 Fighting
 + Level 3.2 Armour
 + Level 7.1 Dodging
 + Level 0.5 Stealth
 + Level 9.0 Unarmed Combat


You had 6 spell levels left.
You didn't know any spells.

Dungeon Overview and Level Annotations

Branches:
Dungeon (1/1)

Altars:


Innate Abilities, Weirdness & Mutations

You are too large for most types of armour.
You have claws for hands.
Your metabolism is lightning-fast.
You like to eat raw meat.
You heal very quickly.
You are covered in fur (AC +1).
You have very tough skin (AC +2).


Message History

Use which ability? (? or * to list) You're too exhausted to go berserk.
The molten gargoyle hits you with a flail!!
You are engulfed in flames!
The iguana closely misses you.
There is an open door, spattered with blood here.
You hit the molten gargoyle.
The molten gargoyle is lightly damaged.
The death yak closely misses you. The iguana misses you.
The molten gargoyle hits you with a flail!
You are engulfed in flames!
The death yak gores you but does no damage.
The iguana misses you.
The molten gargoyle hits you with a flail!
* * * LOW HITPOINT WARNING * * *
You are engulfed in flames!
* * * LOW HITPOINT WARNING * * *
Drink which item? (? for menu, Esc to quit)
You're too exhausted to go berserk.
The death yak gores you!!
You die...

#.# #...<...# #.#
#.......# #.#
#.......#
#'###########.......#
#..#.#.##..##########
#..)....#†######
##.#.#.##(#....#
#.......#'#l...#
##.#.#.##@Y9...+
#.......#'#....#
##.#.#..'.#....#
###############


You could see a death yak, a molten gargoyle and an iguana.

Vanquished Creatures
  A snapping turtle (D)
  An ogre (D)
  A sky beast (D)
  A phantom (D)
  A crimson imp (D)
  A jelly (D)
  A giant mite (D)
  An ufetubus (D)
  A giant eyeball (D)
  A bat (D)
  A giant cockroach (D)
  A hobgoblin (D)
  A ball python (D)
  A kobold (D)
  A rat (D)
15 creatures vanquished.

Notes
Turn   | Place    | Note
--------------------------------------------------------------
     0 | D        | kosy22, the Troll Berserker, began the quest for the Orb.
     0 | D        | Reached XP level 1. HP: 22/22 MP: 1/1
   144 | D        | Paralysed by a giant eyeball for 4 turns
   151 | D        | Paralysed by a giant eyeball for 4 turns
   156 | D        | Reached XP level 2. HP: 20/31 MP: 1/1
   158 | D        | Acquired Trog's second power
   158 | D        | Reached skill level 4 in Unarmed Combat
   204 | D        | Noticed a sky beast
   215 | D        | Killed a sky beast
   215 | D        | Reached skill level 5 in Fighting
   215 | D        | Reached skill level 6 in Unarmed Combat
   215 | D        | Reached XP level 3. HP: 13/42 MP: 2/2
   215 | D        | Reached XP level 4. HP: 15/50 MP: 2/2
   225 | D        | Noticed a crimson imp
   238 | D        | Killed a crimson imp
   238 | D        | Reached XP level 5. HP: 20/59 MP: 2/2
   409 | D        | Noticed a phantom
   441 | D        | Killed a phantom
   441 | D        | Reached skill level 5 in Dodging
   441 | D        | Reached skill level 7 in Unarmed Combat
   526 | D        | Noticed a snapping turtle
   538 | D        | Killed a snapping turtle
   538 | D        | Reached skill level 8 in Unarmed Combat
   538 | D        | Reached XP level 6. HP: 30/71 MP: 3/3
   616 | D        | Noticed a jelly
   616 | D        | Noticed an ogre
   622 | D        | Acquired Trog's third power
   625 | D        | Killed an ogre
   625 | D        | Reached XP level 7. HP: 79/79 MP: 3/3
   626 | D        | Killed a jelly
   626 | D        | Reached skill level 9 in Unarmed Combat
   641 | D        | Noticed an iguana
   641 | D        | Noticed a death yak
   641 | D        | Noticed a molten gargoyle
   644 | D        | Demolished by a death yak

Action                   |  1- 3 |  4- 6 |  7- 9 || total
-------------------------+-------+-------+-------++-------
Melee: Unarmed           |    20 |    40 |     1 ||    61
       Giant spiked club |       |       |     1 ||     1
Invok: Berserk           |     1 |     3 |       ||     4
  Use: Potion            |       |     2 |       ||     2
  Eat: Meat ration       |       |     2 |       ||     2
